 Dungeon Crawl Stone Soup version 0.29-a0-323-g050149af67 (webtiles) character file.

Game seed: 10027185132094804311

119 Hubjo the Digger (level 5, -10/31 HPs)
             Began as a Gargoyle Earth Elementalist on Apr 11, 2022.
             Killed from afar by Ijyb (13 damage)
             ... with a puff of flame
             ... on level 3 of the Dungeon.
             The game lasted 00:06:08 (4651 turns).

Hubjo the Digger (Gargoyle Earth Elementalist)      Turns: 4651, Time: 00:06:09

Health: -10/31     AC:  8    Str: 11    XL:     5   Next: 3%
Magic:  7/8        EV: 12    Int: 16    God:
Gold:   80         SH:  0    Dex: 12    Spells: 7/8 levels left

rFire   . . .      SeeInvis .   (no weapon)
rCold   . . .      Faith    .   (no shield)
rNeg    + . .      Spirit   .   b - +0 robe
rPois   ∞          Reflect  .   (no helmet)
rElec   +          Harm     .   (no cloak)
rCorr   .          Rampage  .   (no gloves)
Will    .....                   (no boots)
Stlth   ++........              (no amulet)
HPRegen 0.10/turn               (no ring)
MPRegen 0.11/turn               (no ring)

@: no status effects
A: sickness immunity, AC +4, negative energy resistance 1, electricity
resistance, torment resistance 1, petrification resistance, iridescent scales 1,
sense surroundings 1
a: no special abilities


You were on level 3 of the Dungeon.
You visited 1 branch of the dungeon, and saw 3 of its levels.

You collected 80 gold pieces.

Inventory:

Missiles
 a - 43 stones (quivered)
 m - 5 poisoned darts
 p - 3 datura-tipped darts
Armour
 b - a +0 robe (worn)
Wands
 i - a wand of paralysis (5)
Scrolls
 f - a scroll of amnesia
 g - a scroll of silence
 h - a scroll of fog
 j - a scroll of enchant weapon
 k - a scroll of noise
 l - a scroll of fear {unknown}
 n - a scroll of vulnerability {unknown}
Potions
 c - a potion of magic
 e - a potion of haste {unknown}
 o - a potion of ambrosia {unknown}


   Skills:
 * Level 2.4 Fighting
 - Level 1.5 Dodging
 * Level 3.7 Stealth
 + Level 2.4 Spellcasting
 + Level 1.5 Transmutations
 + Level 4.1 Earth Magic


You had 7 spell levels left.
You knew the following spells:

 Your Spells              Type           Power      Damage    Failure   Level
a - Sandblast             Erth           30%        2d9       3%          1

Your spell library contained the following spells:

 Spells                   Type           Power      Damage    Failure   Level
 Passwall                 Tmut/Erth      9%         N/A       10%         2
 Stone Arrow              Conj/Erth      16%        3d8       26%         3
 Corpse Rot               Necr/Air       2%         N/A       30%         2
 Poisonous Vapours        Pois/Air       2%         N/A       30%         2
 Petrify                  Tmut/Erth      11%        N/A       52%         4
 Animate Dead             Necr           0%         N/A       89%         4
 Borgnjor's Vile Clutch   Necr/Erth      4%         N/A       93%         5
 Death Channel            Necr           0%         N/A       100%        6


Dungeon Overview and Level Annotations

Branches:
Dungeon (3/15)

Altars:
Fedhas

Shops:
D:1 [

Annotations:
D:3 Ijyb


Innate Abilities, Weirdness & Mutations

You are immune to sickness and miasma.
Your stone body is resilient. (AC +4)
You are immune to poison.
You resist negative energy. (rN+)
You are resistant to electric shocks. (rElec)
You are resistant to unholy torment.
You are immune to petrification.
You are partially covered in iridescent scales. (AC +2)
You passively map a small area around you.


Message History

The helpless Ijyb fails to defend herself.
You hit Ijyb but do no damage.
Ijyb is moderately wounded.
The helpless Ijyb fails to defend herself.
You hit Ijyb but do no damage.
Ijyb is moderately wounded.
The helpless Ijyb fails to defend herself.
You hit Ijyb.
Ijyb is heavily wounded.
The helpless Ijyb fails to defend herself.
You hit Ijyb but do no damage.
Ijyb is heavily wounded.
The helpless Ijyb fails to defend herself.
You hit Ijyb.
Ijyb is heavily wounded.
The helpless Ijyb fails to defend herself.
You hit Ijyb but do no damage.
Ijyb is heavily wounded.
The helpless Ijyb fails to defend herself.
You hit Ijyb but do no damage.
Ijyb is heavily wounded.
The helpless Ijyb fails to defend herself.
You hit Ijyb but do no damage.
Ijyb is heavily wounded.
The helpless Ijyb fails to defend herself.
You hit Ijyb but do no damage.
Ijyb is heavily wounded.
The helpless Ijyb fails to defend herself.
You hit Ijyb but do no damage.
Ijyb is heavily wounded.
The helpless Ijyb fails to defend herself.
You hit Ijyb but do no damage.
Ijyb is heavily wounded.
Ijyb is no longer paralysed.
Ijyb zaps a wand.
The puff of flame hits you.
* * * LOW HITPOINT WARNING * * *
You hit Ijyb but do no damage.
Ijyb is heavily wounded.
Ijyb screams, "No!
No, no, no, no!"
Ijyb zaps a wand.
The puff of flame hits you!
You die...

############### *
..............# ...
.......######.# ... , **
.###...#### #.# *... * , .#
#......# #.# *#.# .# ##..##.#
#.# #.# .# #..##.# #.# #.# #.
.####..##.###.######.## #.
..............##@g...(# #.
#########.######.###..# ##' #.#
#.###..#### ##..
##.######.#...g...# ##... *
##......##.#.#...#.# ##....
b####...###.##.#)#.....###.....
.'......................g'.....
,.####...###.####.......###.....
##..# #.# ###.#.### ##..g.


You could see Ijyb.

Vanquished Creatures
  Jessica (D:3)
  Natasha (D:3)
  A gnoll (D:1)
  An adder (D:2)
  A dart slug (D:3)
  3 ball pythons
  A bat (D:1)
  4 endoplasms
  3 giant cockroaches
  5 goblins
  9 hobgoblins
  6 jackals
  2 kobolds (D:1)
  A quokka (D:1)
  A frilled lizard (D:1)
  3 rats
43 creatures vanquished.

Notes
Turn   | Place    | Note
-------+----------+-------------------------------------------
     0 | D:1      | Hubjo the Gargoyle Earth Elementalist began the quest for
                  | the Orb.
     0 | D:1      | Reached XP level 1. HP: 10/10 MP: 3/3
    37 | D:1      | Found a faded altar of an unknown god.
   702 | D:1      | Reached skill level 1 in Transmutations
   702 | D:1      | Reached XP level 2. HP: 6/16 MP: 1/5
  1056 | D:1      | Reached skill level 1 in Fighting
  1667 | D:1      | Reached XP level 3. HP: 9/20 MP: 4/6
  1883 | D:1      | HP: 1/20 [jackal (2)]
  1884 | D:1      | Gained mutation: Your magical capacity is low. (-10% MP)
                  | [potion of mutation]
  1884 | D:1      | Lost mutation: Your magical capacity is low. (-10% MP)
                  | [potion of mutation]
  1884 | D:1      | Gained mutation: You are partially covered in iridescent
                  | scales. (AC +2) [potion of mutation]
  1884 | D:1      | Gained mutation: You passively map a small area around you.
                  | [potion of mutation]
  2568 | D:1      | Found Hegreyle's Antique Armour Shop.
  3592 | D:2      | Reached skill level 4 in Earth Magic
  3850 | D:3      | Noticed Natasha
  3858 | D:3      | Killed Natasha
  3859 | D:3      | Reached XP level 4. HP: 20/26 MP: 2/7
  3962 | D:3      | Found a blossoming altar of Fedhas.
  3977 | D:3      | Noticed Jessica
  3990 | D:3      | Killed Jessica
  4340 | D:3      | Reached XP level 5. HP: 31/31 MP: 8/8
  4575 | D:3      | Noticed Ijyb
  4651 | D:3      | Killed from afar by Ijyb

Illustrated notes

Levels and vault maps discovered:
D:1:      giann_horns, layout_basic, ebering_ecumenical_altar_petrified,
          serial_shops, shop
D:2:      layout_basic, minmay_goblin_kobold_house
D:3:      layout_loops_corners, fedhas_altar_1, nicolae_elevator_lobby_plus,
          uniq_natasha, uniq_jessica, uniq_ijyb

Skill      XL: |  1  2  3 |
---------------+----------+-----
Transmutations | 1 |  1.5
Fighting       | 1 2 |  2.4
Stealth        | 3 |  3.7
Earth Magic    | 4 |  4.1
Dodging        | |  1.5
Spellcasting   | |  2.4

Action                   |  1- 3 |  4- 6 || total
-------------------------+-------+-------++-------
Melee: Unarmed           |   198 |    99 ||   297
       Punch             |     4 |       ||     4
Throw: Dart              |     1 |     3 ||     4
 Cast: Sandblast         |    23 |    12 ||    35
Evoke: Wand              |       |     4 ||     4
  Use: Scroll            |     3 |     3 ||     6
       Potion            |     1 |       ||     1
 Stab: Sleeping          |     5 |       ||     5
       Paralysed         |       |    11 ||    11
Armor: Robe              |   108 |    39 ||   147
Dodge: Dodged            |   159 |    61 ||   220

Table legend: (Time is in decaauts)
 A = Elapsed time spent in this place.
 B = Non-inter-level travel time spent in this place.
 C = Inter-level travel time spent in this place.
 D = Time resting spent in this place.
 E = Time spent auto-exploring this place.
 F = Levels seen in this place.
 G = Mean time per level.
                   A        B        C        D        E       F      G
               +--------+--------+--------+--------+--------+-----+--------+
         Total |   4650 |   4550 |    100 |      7 |   3929 |   3 | 1550.0 |
       Dungeon |   4650 |   4550 |    100 |      7 |   3929 |   3 | 1550.0 |
               +--------+--------+--------+--------+--------+-----+--------+

Top non-repeatable levels by time:
     D:1: 2691 daAuts
     D:2: 1154 daAuts
     D:3: 804 daAuts
